 Dungeon Crawl Stone Soup version 0.26.1-11-gd32895ea62 (webtiles) character file.

Game seed: 4186258165017425089

70 Zeld the Grasshopper (level 4, -8/29 HPs)
             Began as an Octopode Warper on May 16, 2021.
             Mangled by Terence
             ... wielding a +0 flail
              (10 damage)
             ... on level 2 of the Dungeon.
             The game lasted 00:02:33 (2567 turns).

Zeld the Grasshopper (Octopode Warper)              Turns: 2567, Time: 00:02:34

Health: -8/29      AC:  1    Str: 11    XL:     4   Next: 22%
Magic:  7/7        EV: 13    Int: 15    God:
Gold:   90         SH:  0    Dex: 11    Spells: 8/8 levels left

rFire    . . .     SeeInvis .   a - +0 mace
rCold    . . .     Faith    .   (no shield)
rNeg     . . .     Spirit   .   (helmet restricted)
rPois    .         Reflect  .   (no amulet)
rElec    .         Harm     .   (no ring)
rCorr    .         Rampage  .   (no ring)
Will     .....                  (no ring)
Stlth    ++........             (no ring)
HPRegen  0.09/turn              (no ring)
MPRegen  0.10/turn              (no ring)
                                (no ring)
                                (no ring)

@: no status effects
A: almost no armour, stealthy swim, amphibious, 8 rings, constrict 8, camouflage
1, gelatinous body 1
a: no special abilities


You were on level 2 of the Dungeon.
You visited 1 branch of the dungeon, and saw 2 of its levels.

You collected 90 gold pieces.

Inventory:

Hand Weapons
 a - a +0 mace (weapon)
Missiles
 b - 5 boomerangs of dispersal (quivered)
Jewellery
 f - an uncursed amulet of guardian spirit {unknown}
Scrolls
 c - a scroll of blinking
 d - a scroll of identify {unknown}
 e - a scroll of remove curse {unknown}
 g - a scroll of fear {unknown}
 h - 2 scrolls of immolation {unknown}
Potions
 i - a potion of attraction {unknown}


   Skills:
 - Level 2.0 Fighting
 * Level 3.3 Maces & Flails
 - Level 1.0 Throwing
 - Level 2.3 Dodging
 + Level 2.5 Spellcasting
 + Level 3.5 Translocations


You had 8 spell levels left.
You didn't know any spells.
Your spell library contained the following spells:

 Spells                   Type           Power        Failure   Level
 Blink                    Tloc           N/A          8%          2
 Gell's Gravitas          Tloc           6%           14%         3
 Lesser Beckoning         Tloc           6%           14%         3
 Teleport Other           Tloc           12%          14%         3
 Passage of Golubria      Tloc           N/A          43%         4


Dungeon Overview and Level Annotations

Branches:
Dungeon (2/15)

Altars:

Annotations:
D:2 Terence


Innate Abilities, Weirdness & Mutations

You cannot wear most types of armour.
You are very stealthy in the water. (Stealth+)
You are amphibious.
You can wear up to eight rings at the same time.
You can use your tentacles to constrict eight enemies at once.
Your skin changes colour to match your surroundings (Stealth+).
Your rubbery body absorbs attacks. (AC +1, EV +1)


Message History

You constrict the hobgoblin.
You kill the hobgoblin!
The adder bites you.
* * * LOW HITPOINT WARNING * * *
You miss the adder. Your grab misses the adder. The adder closely misses you.
You miss the adder. Your grab misses the adder. Your squeeze misses the adder.
The adder misses you. The adder closely misses you.
You hit the adder. Your grab misses the adder.
The adder is lightly wounded.
The adder bites you but does no damage.
Terence bares his teeth.
You closely miss the adder. Your grab misses the adder.
The adder is lightly wounded.
The adder bites you.
* * * LOW HITPOINT WARNING * * *
The adder closely misses you.
You hit the adder. You grab the adder. You squeeze the adder.
You kill the adder!
Terence hits you with a +0 flail!
You die...

# #....#.##..#....##[ #
....#..#.....#.#..... #
###.#..###...#....#### #
#.#....)...#.......# #
###.#.#####...........
..#.............$.<.....
#.#.#.#.####............
###### #.# #.#.#
#........$...
.....#####.# #.#@#
#............
...........# #.#@#
#............
####.#..##.# #...#
#............
#.#..(#.#.#####
##...........
#.#.#.#.#.# #...........
#.#.....#.# #...........
#.#.#####.# #.#.########
####.#.......# #.#.
.....#.......#


You could see Terence.

Vanquished Creatures
  2 adders (D:2)
  A worm (D:2)
  2 dart slugs
  2 leopard geckos (D:1)
  2 giant cockroaches (D:1)
  3 goblins (D:1)
  11 hobgoblins
  2 jackals (D:1)
  A quokka (D:2)
  A ball python (D:1)
  6 bats
  5 kobolds
  A bush (D:1)
39 creatures vanquished.

Vanquished Creatures (others)
  6 plants (D:1)
6 creatures vanquished.

Grand Total: 45 creatures vanquished

Notes
Turn   | Place    | Note
-------+----------+-------------------------------------------
     0 | D:1      | Zeld the Octopode Warper began the quest for the Orb.
     0 | D:1      | Reached XP level 1. HP: 14/14 MP: 3/3
   183 | D:1      | Reached XP level 2. HP: 10/19 MP: 5/5
   523 | D:1      | Reached XP level 3. HP: 8/24 MP: 6/6
  2256 | D:2      | Reached XP level 4. HP: 25/29 MP: 7/7
  2533 | D:2      | Noticed Terence
  2555 | D:2      | HP: 1/29 [adder (5)]
  2567 | D:2      | Mangled by Terence

Illustrated notes

Levels and vault maps discovered:
D:1:      minmay_arrival_floating_metal, layout_basic, serial_forest,
          infiniplex_forest_join, infiniplex_forest_diagonal,
          infiniplex_forest_clump_diagonal, infiniplex_forest_end_3,
          infiniplex_forest_lined_4_way, infiniplex_forest_lined_2,
          infiniplex_forest_straight_2, infiniplex_forest_lined_3_way,
          minmay_pentomino_v2
D:2:      layout_basic, serial_park_tiny_1, minmay_unequal, uniq_terence,
          uniq_jessica

Skill      XL: |  1  2  3 |
---------------+----------+-----
Maces & Flails | 3 |  3.3
Fighting       | |  2.0
Throwing       | |  1.0
Dodging        | |  2.3
Spellcasting   | |  2.5
Translocations | |  3.5

Action                   |  1- 3 |  4- 6 || total
-------------------------+-------+-------++-------
Melee: Mace              |   206 |    19 ||   225
       Constrict         |    26 |     3 ||    29
       Tentacles         |    41 |     2 ||    43
  Use: Potion            |     1 |       ||     1
 Stab: Sleeping          |     1 |       ||     1
Armor: Skin              |    11 |     4 ||    15
Dodge: Dodged            |    52 |    19 ||    71
